 Dungeon Crawl Stone Soup version 0.31-a0-521-gc7390f8997 (webtiles) character file.

Game seed: 16851122885916418220

218 randomguy2701 the Grave Robber (level 5, -3/28 HPs)
             Began as a Deep Elf Necromancer on Aug 10, 2023.
             Slain by Duvessa
             ... wielding a +0 rapier
              (9 damage)
             ... on level 5 of the Dungeon.
             The game lasted 00:05:49 (3726 turns).

randomguy2701 the Grave Robber (DENe)               Turns: 3726, Time: 00:05:49

Health: -3/28      AC:  3    Str: 11    XL:     5   Next: 63%
Magic:  9/15       EV: 12    Int: 22    God:
Gold:   216        SH:  0    Dex: 15    Spells: 14/15 levels left

rFire   . . .        (no weapon)
rCold   . . .        (no shield)
rNeg    + . .        a - +0 robe
rPois   .            (no helmet)
rElec   .            (no cloak)
rCorr   .            p - +0 pair of gloves
SInv    .            (no boots)
Will    .....        (no amulet)
Stlth   ++           f - ring of positive energy
HPRegen 0.24/turn    l - +6 ring of strength
MPRegen 0.14/turn

%: no passive effects
@: no status effects
A: no striking features
a: no special abilities


You were on level 5 of the Dungeon.
You visited 1 branch of the dungeon, and saw 5 of its levels.

You collected 216 gold pieces.

Inventory:

Hand Weapons
 r - a +0 whip
Missiles
 q - a throwing net
Armour
 a - a +0 robe (worn)
 p - a +0 pair of gloves (worn)
Jewellery
 f - a ring of positive energy (left hand)
 k - a ring of resist corrosion
 l - a +6 ring of strength (right hand)
 o - a ring of protection from cold
Scrolls
 c - a scroll of acquirement {unknown}
 d - 2 scrolls of revelation {unknown}
 e - 2 scrolls of enchant armour {unknown}
 h - a scroll of identify
 n - a scroll of fog {unknown}
Potions
 b - a potion of magic
 g - a potion of brilliance
 i - a potion of enlightenment
 j - a potion of attraction
 m - 2 potions of curing


   Skills:
 + Level 2.4 Dodging
 + Level 2.5 Stealth
 + Level 5.7 Spellcasting
 + Level 6.9 Necromancy


You had 14 spell levels left.
You knew the following spells:

 Your Spells              Type           Power      Damage    Failure   Level
a - Necrotise             Necr           100%       1d9       1%          1

Your spell library contained the following spells:

 Spells                   Type           Power      Damage    Failure   Level
 Vampiric Draining        Necr           37%        2d8       1%          3
 Animate Dead             Necr           37%        N/A       5%          4
 Lesser Beckoning         Tloc           12%        N/A       14%         2
 Agony                    Necr           37%        N/A       14%         5
 Gell's Gravitas          Tloc           6%         N/A       28%         3
 Teleport Other           Tloc           6%         N/A       28%         3


Dungeon Overview and Level Annotations

Branches:
Dungeon (5/15)
 Temple: D:4-7

Altars:
Trog

Shops:
D:1 [   D:3 (

Annotations:
D:4 Grinder
D:5 Dowan, Duvessa


Message History

Found 6 poisoned darts.
A scorpion is nearby!
The scorpion barely resists.
The scorpion writhes in agony!
The scorpion writhes in agony.
The scorpion barely misses you.
The scorpion writhes in agony.
The scorpion closely misses you.
The scorpion writhes in agony!
You kill the scorpion!
You can't see any susceptible monsters within range! (Use Z to cast anyway.) Magic restored.
Duvessa and Dowan come into view.
Duvessa is wielding a +0 rapier and wearing a +0 chain mail of cold resistance.
Dowan is wielding a +2 antimagic dagger.
Duvessa shouts!
Duvessa struggles to resist.
Dowan shouts!
Duvessa writhes in agony.
Dowan points at Duvessa and mumbles some strange words.
Duvessa seems to speed up.
Duvessa writhes in agony.
Duvessa writhes in agony.
Duvessa closely misses you.
Duvessa writhes in agony!
Duvessa hits you with a +0 rapier! Duvessa hits you with a +0 rapier.
You are too injured to fight recklessly!
You are too injured to fight recklessly!
Casting: Necrotise (safe; 1% risk of failure)
Confirm with . or Enter, or press ? or * to list all spells.
Aiming: Necrotise (safe; 1% risk of failure)
Press: ? - help, Shift-Dir - straight line, f/p - Duvessa
Aim: Duvessa, wielding a +0 rapier and wearing a +0 chain mail of cold resistance (heavily wounded, fast, chance to affect: 70%) Duvessa struggles to resist.
Duvessa hits you with a +0 rapier!
* * * LOW HITPOINT WARNING * * *
Dowan mumbles some strange words.
Dowan blinks!
Casting: Necrotise (safe; 1% risk of failure)
Confirm with . or Enter, or press ? or * to list all spells.
Aiming: Necrotise (safe; 1% risk of failure)
Press: ? - help, Shift-Dir - straight line, f/p - Duvessa
Aim: Duvessa, wielding a +0 rapier and wearing a +0 chain mail of cold resistance (heavily wounded, fast, chance to affect: 70%) Duvessa writhes in agony!
Duvessa hits you with a +0 rapier!
You die...

(......!###
.......<.......
g........S.
.######.......#
........###
#..#######
g..........
##.## #gg<...#
##..# #...####
#..## #####
###.## #...#
#@###
....e.e........
######(#######.
.. .#. .##. ##
##


You could see Duvessa (fast) and Dowan.

Vanquished Creatures
  A scorpion (D:5)
  An iguana (D:3)
  5 adders
  A worm (D:4)
  3 dart slugs
  4 endoplasms
  4 giant cockroaches
  9 goblins
  9 hobgoblins
  6 jackals
  2 quokkas (D:3)
  6 ball pythons
  5 bats
  3 frilled lizards (D:2)
  9 kobolds
  3 rats
71 creatures vanquished.

Vanquished Creatures (collateral kills)
  A ball python (D:2)
  An endoplasm (D:2)
  A frilled lizard (D:2)
  A kobold (D:4)
4 creatures vanquished.

Grand Total: 75 creatures vanquished

Notes
Turn   | Place    | Note
-------+----------+-------------------------------------------
     0 | D:1      | randomguy2701 the Deep Elf Necromancer began the quest for
                  | the Orb.
     0 | D:1      | Reached XP level 1. HP: 10/10 MP: 6/6
   149 | D:1      | Reached skill level 5 in Necromancy
   264 | D:1      | Reached XP level 2. HP: 15/15 MP: 2/8
   520 | D:1      | Found a faded altar of an unknown god.
   843 | D:1      | Found Dires's Antique Armour Boutique.
  1247 | D:2      | Reached XP level 3. HP: 16/19 MP: 5/10
  1499 | D:2      | Identified the +4 ring mail "Xijomm" {Will++ Str+3 Dex+3}
  2010 | D:3      | Reached skill level 6 in Necromancy
  2010 | D:3      | Reached XP level 4. HP: 24/24 MP: 8/12
  2329 | D:3      | Found Yleux's Weapon Emporium.
  2940 | D:4      | Reached XP level 5. HP: 28/28 MP: 11/14
  3044 | D:4      | Reached skill level 5 in Spellcasting
  3217 | D:4      | Noticed Grinder
  3393 | D:4      | Found a bloodstained altar of Trog.
  3495 | D:4      | Paralysed by Grinder for 5 turns
  3517 | D:4      | Paralysed by Grinder for 3 turns
  3530 | D:4      | Paralysed by Grinder for 4 turns
  3657 | D:5      | Entered Level 5 of the Dungeon
  3719 | D:5      | Noticed Duvessa
  3719 | D:5      | Noticed Dowan
  3726 | D:5      | Slain by Duvessa

Illustrated notes

Levels and vault maps discovered:
D:1:      dpeg_arrival_castle, layout_loops_corners, basic_ecumenical_altar,
          serial_shops, nicolae_shop_crystal, corner_web_ring
D:2:      minmay_spotlight, layout_basic
D:3:      layout_rooms, serial_shops, nicolae_shop_bloodbath_and_beyond,
          minmay_surrounded
D:4:      layout_loops_cross, trog_hazing_becter, corexii_leaking_fountain,
          uniq_grinder
D:5:      layout_rooms, minitemple, chequers_avenue, chequers_jeans,
          interstate_on_off, uniq_duvessa, uniq_eustachio

Skill      XL: |  1  2  3  4  5 |
---------------+----------------+-----
Necromancy     | 5 6 |  6.9
Spellcasting   | 4 5 |  5.7
Dodging        | |  2.4
Stealth        | |  2.5

Action                     |  1- 3 |  4- 6 || total
---------------------------+-------+-------++-------
  Melee: Unarmed           |     1 |     1 ||     2
   Cast: Necrotise         |    83 |    66 ||   149
    Use: Scroll            |       |     4 ||     4
 Armour: Robe              |     5 |     4 ||     9
  Dodge: Dodged            |    14 |    12 ||    26

Table legend: (Time is in decaauts)
 A = Elapsed time spent in this place.
 B = Non-inter-level travel time spent in this place.
 C = Inter-level travel time spent in this place.
 D = Time resting spent in this place.
 E = Time spent auto-exploring this place.
 F = Levels seen in this place.
 G = Mean time per level.
                   A        B        C        D        E       F      G
               +--------+--------+--------+--------+--------+-----+--------+
         Total |   3729 |   3483 |    246 |      0 |   2906 |   5 |  745.8 |
       Dungeon |   3729 |   3483 |    246 |      0 |   2906 |   5 |  745.8 |
               +--------+--------+--------+--------+--------+-----+--------+

Top non-repeatable levels by time:
     D:1: 1197 daAuts
     D:4: 999 daAuts
     D:2: 813 daAuts
     D:3: 656 daAuts
     D:5: 63 daAuts
